 Dungeon Sprint DCSS version 0.26-a0-660-gc07710193c (webtiles) character file.

Game seed: 14931572835920671896

28490 mhtbhm the Peltast (level 13, -9/135 HPs)
             Began as a Minotaur Fighter on Oct 5, 2020.
             Was the Champion of Trog.
             Mangled by an Orb Guardian (25 damage)
             ... in the Dungeon (Sprint I: "Red Sonja").
             The game lasted 00:10:24 (3789 turns).

mhtbhm the Peltast (Minotaur Fighter)               Turns: 3789, Time: 00:10:26

Health: -9/135     AC: 23    Str: 25    XL:     13   Next: 10%
Magic:  4/4        EV: 17    Int:  5    God:    Trog [******]
Gold:   906        SH: 16    Dex: 12    Spells: 12/12 levels left

rFire    + + +     SeeInvis .   a - +6 demon blade (antimagic)
rCold    + + +     Faith    +   c - +0 kite shield
rNeg     . . .     Spirit   .   b - +1 scale mail "Xaofe" {*Drain rF+++ rC+++ Slay-2} (curse)
rPois    .         Reflect  .   (helmet restricted)
rElec    .         Harm     .   r - scarf {rC+ rF+}
rCorr    .         Rampage  .   s - +0 pair of gloves {Dex+3}
MR       .....     NoTele   +   (no boots)
Stlth    +.........             n - amulet of faith
HPRegen  0.32/turn              u - ring of Robustness {AC+8}
MPRegen  0.09/turn              (no ring)

@: lethally poisoned (-9 -> -10), berserk cooldown, very slightly contaminated,
slowed, invisible, very slow
A: retaliatory headbutt, horns 2, slimy green scales 1, weak 1
0: Orb of Zot
a: Berserk, Trog's Hand, Brothers in Arms, Renounce Religion


You were in the Dungeon.
You worshipped Trog.
Trog was exalted by your worship.
You visited 1 branch You collected 3483 gold pieces.
You spent 2577 gold pieces at shops.

Inventory:

Hand Weapons
 a - a +6 antimagic demon blade (weapon)
Missiles
 m - 8 curare-tipped darts (quivered)
Armour
 b - the cursed +1 scale mail "Xaofe" (worn) {*Drain rF+++ rC+++ Slay-2}
   (You found it in the Dungeon)

   It affects your accuracy and damage with ranged weapons and melee attacks
   (-2).
   It renders you almost immune to fire.
   It renders you almost immune to cold.
   It causes draining when unequipped.
   It has a curse placed upon it.
 c - a +0 kite shield (worn)
 r - a scarf of resistance (worn)
 s - a +0 pair of gloves of dexterity (worn)
Jewellery
 n - an amulet of faith (around neck)
 u - the ring of Robustness (left hand) {AC+8}
   (You bought it in a shop in the Dungeon)

   [ring of protection]

   It affects your AC (+8).
Wands
 p - a wand of iceblast (10)
Scrolls
 j - a scroll of blinking
 k - a scroll of fog
 t - a scroll of immolation
Potions
 d - a potion of might
 e - a potion of lignification
 f - 2 potions of heal wounds
 h - 2 potions of magic
 i - a potion of berserk rage
 q - 2 potions of curing
Miscellaneous
 l - a condenser vane (2/2)


   Skills:
 + Level 18.3 Fighting
 + Level 18.3 Long Blades
 + Level 2.8 Throwing
 + Level 16.0 Armour
 + Level 12.0 Dodging
 + Level 4.2 Stealth
 + Level 20.9 Shields
 + Level 3.2 Unarmed Combat
 + Level 4.6 Evocations


You had 12 spell levels left.
You didn't know any spells.
Your spell library was empty.

Dungeon Overview and Level Annotations

Branches:
Dungeon (1/1)

Altars:
Cheibriados
Dithmenos
Elyvilon
Fedhas
Gozag
Hepliaklqana
Kikubaaqudgha
Makhleb
Nemelex Xobeh
Okawaru
Qazlal
Ru
Sif Muna
Trog
Uskayaw
Vehumet
Wu Jian
Xom
Yredelemnul
Zin
The Shining One
Jiyva
Lugonu

Shops:
D (=:}=:??(:**(}[[(:?[(:

Annotations:
D Tiamat


Innate Abilities, Weirdness & Mutations

You reflexively headbutt those who attack you in melee.
You have a pair of horns on your head.
You are partially covered in slimy green scales. (AC +2)
You are weak. (Str -2)


Message History

The gargoyle hurls a stone arrow at you.
You block the stone arrow.
Things that are here:
a +0 dagger; a +0 robe You feel sick.
You block the Orb Guardian's attack.
There is an open door, spattered with blood here.
You feel sick.
The Orb Guardian hits you but does no damage.
You block the Orb Guardian's attack.
You feel sick.
The gargoyle hurls a stone arrow at the Orb Guardian.
The stone arrow hits the Orb Guardian.
The Orb Guardian hits you!!
* * * LOW HITPOINT WARNING * * *
You feel sick.
The gargoyle hurls a stone arrow at the Orb Guardian.
The stone arrow misses the Orb Guardian.
The gargoyle hurls a stone arrow at the Orb Guardian.
The stone arrow misses the Orb Guardian.
The Orb Guardian hits you!!
You die...

#################################
.#..)..#.)'..#__#..'9.)#.[#.§§)§§
.').#..'..#).'..@X.#...##'#§.###§
.#####'#####'#__####..)'..#§#§###
.####..#...#(####§§#####..'.#X.§#
.#__####..##)#§§§§§#§.##°####^§$#
.#_____##'#_§§≈≈§§.§§.#...,^*..$#
⌠#_.∩...'..._#§§§§.#§.#^..9,+..$$
##_..__##_.#'##'#####'###...*^...
,#_____###'#.#.[..###.'.#..○###++
##########.####'###[###.#.°##*,,*


You could see an Orb Guardian and a gargoyle.

Vanquished Creatures
  An Orb Guardian (D)
  4 fire giants (D)
  A cacodemon (D)
  A deep elf annihilator (D)
  A hydra (D)
  2 centaur warriors (D)
  Sonja (D)
  7 unseen horrors (D)
  A lindwurm (D)
  A deep troll (D)
  An oklob plant (D)
  2 merfolk sirens (D)
  An orange demon (D)
  2 kobold demonologists (D)
  A hellwing (D)
  4 demonic crawlers (D)
  A slime creature (D)
  5 hornets (D)
  Sigmund (D)
  2 redbacks (D)
  A yak (D)
  13 hogs (D)
  4 floating eyes (D)
  7 necrophages (D)
  An ogre (D)
  8 jellies (D)
  Ijyb (D)
75 creatures vanquished.

Vanquished Creatures (collateral kills)
  A golden dragon (D)
  A shadow dragon (D)
  8 shining eyes (D)
  3 floating eyes (D)
13 creatures vanquished.

Vanquished Creatures (others)
  A gargoyle (D)
  2 ballistomycete spores (D)
3 creatures vanquished.

Grand Total: 91 creatures vanquished

Notes
Turn   | Place    | Note
-------+----------+-------------------------------------------
     0 | D        | mhtbhm the Minotaur Fighter began the quest for the Orb.
     0 | D        | Reached XP level 1. HP: 19/19 MP: 0/0
     2 | D        | Noticed Ijyb
    30 | D        | Killed Ijyb
    30 | D        | Reached skill level 5 in Fighting
    30 | D        | Reached skill level 5 in Armour
    30 | D        | Reached skill level 5 in Shields
    30 | D        | Reached XP level 2. HP: 9/29 MP: 1/1
   254 | D        | Noticed an ogre
   256 | D        | Killed an ogre
   256 | D        | Reached skill level 1 in Dodging
   256 | D        | Reached skill level 6 in Shields
   256 | D        | Reached skill level 1 in Unarmed Combat
   256 | D        | Reached XP level 3. HP: 39/39 MP: 2/2
   256 | D        | Reached XP level 4. HP: 47/47 MP: 3/3
   270 | D        | Noticed Sigmund
   286 | D        | Killed Sigmund
   286 | D        | Reached skill level 5 in Long Blades
   286 | D        | Reached skill level 8 in Shields
   286 | D        | Reached XP level 5. HP: 10/56 MP: 4/4
   534 | D        | Found an ornate altar of the Wu Jian Council.
   534 | D        | Found a shimmering blue altar of Sif Muna.
   536 | D        | Found a radiant altar of Vehumet.
   539 | D        | Reached XP level 6. HP: 60/63 MP: 5/5
   572 | D        | Found Cidamau's Gadget Emporium.
   572 | D        | Found an ancient bone altar of Kikubaaqudgha.
   572 | D        | Found a hazy altar of Hepliaklqana.
   572 | D        | Found a stormy altar of Qazlal.
   572 | D        | Found a hide-covered altar of Uskayaw.
   572 | D        | Found a blossoming altar of Fedhas.
   572 | D        | Found a bloodstained altar of Trog.
   572 | D        | Found an iron altar of Okawaru.
   572 | D        | Found a basalt altar of Yredelemnul.
   572 | D        | Found a glowing golden altar of the Shining One.
   572 | D        | Found a snail-covered altar of Cheibriados.
   572 | D        | Found a sacrificial altar of Ru.
   572 | D        | Found a glowing silver altar of Zin.
   572 | D        | Found a shadowy altar of Dithmenos.
   572 | D        | Found a white marble altar of Elyvilon.
   572 | D        | Noticed a yak
   577 | D        | Killed a yak
   577 | D        | Reached skill level 10 in Armour
   577 | D        | Reached skill level 9 in Shields
   578 | D        | Found an opulent altar of Gozag.
   579 | D        | Found a sparkling altar of Nemelex Xobeh.
   587 | D        | Bought a condenser vane (2/2) for 280 gold pieces
   600 | D        | Found a burning altar of Makhleb.
   600 | D        | Found a viscous altar of Jiyva.
   600 | D        | Found a shimmering altar of Xom.
   600 | D        | Found a corrupted altar of Lugonu.
   600 | D        | Noticed a slime creature
   603 | D        | Killed a slime creature
   603 | D        | Reached skill level 10 in Fighting
   603 | D        | Reached XP level 7. HP: 73/73 MP: 6/6
   653 | D        | Killed a gargoyle
   718 | D        | Noticed a kobold demonologist
   718 | D        | Noticed a kobold demonologist
   721 | D        | Paralysed by a floating eye for 2 turns
   746 | D        | Killed a kobold demonologist
   746 | D        | Reached skill level 10 in Shields
   746 | D        | Reached skill level 1 in Evocations
   749 | D        | Killed a kobold demonologist
   749 | D        | Reached skill level 11 in Shields
   749 | D        | Reached XP level 8. HP: 72/82 MP: 7/7
   852 | D        | Noticed a hornet
   858 | D        | Noticed a centaur warrior
   859 | D        | Noticed Sonja
   865 | D        | Killed a hornet
   865 | D        | Reached skill level 10 in Long Blades
   871 | D        | Killed Sonja
   871 | D        | Reached skill level 5 in Dodging
   871 | D        | Reached skill level 12 in Shields
   872 | D        | Killed a centaur warrior
   872 | D        | Reached skill level 13 in Shields
   872 | D        | Reached XP level 9. HP: 64/90 MP: 8/8
   920 | D        | Noticed a centaur warrior
   922 | D        | Noticed a deep troll
   933 | D        | Found Duokew's Weapon Boutique.
   936 | D        | Killed a centaur warrior
   936 | D        | Reached skill level 1 in Throwing
   936 | D        | Reached skill level 14 in Shields
   954 | D        | Killed a deep troll
   954 | D        | Reached skill level 1 in Stealth
   979 | D        | Found Ifev's Armour Emporium.
  1110 | D        | Noticed an oklob plant
  1133 | D        | Became a worshipper of Trog the Wrathful
  1361 | D        | Killed an oklob plant
  1361 | D        | Reached XP level 10. HP: 97/97 MP: 9/9
  1376 | D        | Reached * piety under Trog
  1376 | D        | Reached skill level 15 in Shields
  1484 | D        | Killed an unseen horror
  1492 | D        | Killed an unseen horror
  1750 | D        | Reached ** piety under Trog
  1756 | D        | Reached *** piety under Trog
  1810 | D        | Paralysed by a floating eye for 2 turns
  1814 | D        | Paralysed by a floating eye for 2 turns
  1821 | D        | Reached **** piety under Trog
  1834 | D        | Reached ***** piety under Trog
  1854 | D        | Got a heavily runed scale mail
  1860 | D        | Identified the cursed +1 scale mail "Xaofe" {*Drain rF+++
                  | rC+++ Slay-2} (You found it in the Dungeon)
  1864 | D        | Found Ceulinur's Magic Scroll Shoppe.
  1864 | D        | Found Muyfeust's Magic Scroll Shop.
  1864 | D        | Found Nimun's Weapon Boutique.
  1866 | D        | Found Qokkuemu's Book Emporium.
  1866 | D        | Found Havacop's General Store.
  1866 | D        | Found Deniorph's Assorted Antiques.
  1866 | D        | Found Ruyffypt's Weapon Boutique.
  1866 | D        | Found Darur's Gadget Emporium.
  1866 | D        | Found Kuoklim's Armour Shop.
  1866 | D        | Found Lueffeegg's Antique Armour Shoppe.
  1870 | D        | Found Keoryshe's Weapon Boutique.
  1871 | D        | Found Ehamus's Magic Scroll Emporium.
  1871 | D        | Found Ekudad's Book Boutique.
  1872 | D        | Found Yblynwia's Antique Weapon Emporium.
  1877 | D        | Bought an embroidered scarf for 184 gold pieces
  1877 | D        | Bought a pair of embroidered gloves for 172 gold pieces
  1884 | D        | Bought a glowing long sword for 162 gold pieces
  1898 | D        | Bought a scroll of blinking for 90 gold pieces
  1898 | D        | Bought a scroll of magic mapping for 42 gold pieces
  1898 | D        | Bought a scroll of identify for 24 gold pieces
  1898 | D        | Bought a scroll of identify for 24 gold pieces
  1898 | D        | Bought a scroll of identify for 24 gold pieces
  1898 | D        | Bought a scroll of enchant weapon for 90 gold pieces
  1901 | D        | Bought a scroll of blinking for 90 gold pieces
  2022 | D        | Reached skill level 16 in Shields
  2025 | D        | Received a gift from Trog
  2220 | D        | Noticed a lindwurm
  2227 | D        | Killed a lindwurm
  2276 | D        | Reached XP level 11. HP: 108/108 MP: 10/10
  2292 | D        | Received a gift from Trog
  2311 | D        | Reached skill level 15 in Long Blades
  2316 | D        | Received a gift from Trog
  2330 | D        | Got a faintly glowing great sword {god gift}
  2331 | D        | Identified the +1 great sword "Wuxkoh" {vorpal, Str+4}
                  | (Trog gifted it to you in the Dungeon)
  2365 | D        | Noticed a 12-headed hydra
  2376 | D        | Killed a 15-headed hydra
  2376 | D        | Reached skill level 17 in Shields
  2583 | D        | Noticed a shadow dragon
  2583 | D        | Noticed a golden dragon
  2587 | D        | Killed a shadow dragon
  2593 | D        | Killed a golden dragon
  2593 | D        | Reached skill level 15 in Fighting
  2593 | D        | Reached skill level 10 in Dodging
  2593 | D        | Reached skill level 18 in Shields
  2662 | D        | Found Iskell's Book Shoppe.
  2745 | D        | Noticed a daeva
  2747 | D        | Noticed an unseen horror
  2747 | D        | Noticed an unseen horror
  2756 | D        | Killed an unseen horror
  2758 | D        | Killed an unseen horror
  2760 | D        | Noticed an unseen horror
  2767 | D        | Killed an unseen horror
  2827 | D        | Noticed an unseen horror
  2828 | D        | Noticed an unseen horror
  2833 | D        | Killed an unseen horror
  2833 | D        | Received a gift from Trog
  2833 | D        | Reached XP level 12. HP: 99/122 MP: 11/11
  2901 | D        | Noticed a fire giant
  2902 | D        | Noticed a fire giant
  2904 | D        | Noticed a fire giant
  2904 | D        | Noticed a fire giant
  2915 | D        | Killed a fire giant
  2915 | D        | Reached skill level 19 in Shields
  2922 | D        | Killed a fire giant
  2922 | D        | Reached skill level 15 in Armour
  2929 | D        | Killed a fire giant
  2939 | D        | Killed a fire giant
  2939 | D        | Reached ****** piety under Trog
  3001 | D        | Identified the +4 dragonskin cloak
  3001 | D        | Noticed Tiamat
  3376 | D        | Paralysed by a floating eye for 3 turns
  3377 | D        | Gained mutation: You are weak. (Str -2) [a shining eye]
  3379 | D        | Received a gift from Trog
  3379 | D        | Reached skill level 20 in Shields
  3385 | D        | Received a gift from Trog
  3392 | D        | Found Cappurya's Jewellery Shop.
  3392 | D        | Found Qioshrikk's Jewellery Shoppe.
  3392 | D        | Found Rurabiump's Book Boutique.
  3392 | D        | Found Salis's Book Emporium.
  3405 | D        | Bought the ring of Robustness {AC+8} for 1280 gold pieces
  3405 | D        | Found the ring of Robustness {AC+8}
  3476 | D        | Bought a twisted copper ring for 115 gold pieces
  3565 | D        | Noticed a deep elf annihilator
  3580 | D        | Received a gift from Trog
  3585 | D        | Killed a deep elf annihilator
  3706 | D        | Got the Orb of Zot
  3738 | D        | Noticed a cacodemon
  3738 | D        | Gained mutation: You are partially covered in slimy green
                  | scales. (AC +2) [a cacodemon]
  3751 | D        | Noticed an Orb Guardian
  3752 | D        | Killed a cacodemon
  3772 | D        | Killed an Orb Guardian
  3772 | D        | Received a gift from Trog
  3772 | D        | Reached XP level 13. HP: 99/134 MP: 4/12
  3776 | D        | Noticed an Orb Guardian
  3789 | D        | Mangled by an Orb Guardian

Illustrated notes

Levels and vault maps discovered:
D:        dungeon_sprint_1 [red_sonja_temple_1, red_sonja_temple_small_1]

Skill      XL: |  1  2  3  4  5  6  7  8  9 10 11 12 |
---------------+-------------------------------------+-----
Fighting       | 5 7 8 9 10 11 12 13 16 18 | 18.3
Long Blades    | 3 4 5 8 9 11 12 14 16 18 | 18.3
Armour         | 5 6 8 9 10 11 12 13 14 16 | 16.0
Shields        | 5 6 8 9 11 13 14 16 18 20 | 20.9
Dodging        | 1 2 3 5 6 8 10 12 | 12.0
Unarmed Combat | 1 2 3 |  3.2
Evocations     | 1 2 3 4 |  4.6
Throwing       | 1 2 |  2.8
Stealth        | 1 2 3 4 |  4.2

Action                   |  1- 3 |  4- 6 |  7- 9 | 10-12 | 13-15 || total
-------------------------+-------+-------+-------+-------+-------++-------
Melee: Unarmed           |    19 |       |       |       |       ||    19
       Long sword        |     9 |    22 |    44 |   201 |       ||   276
       Headbutt          |     4 |     6 |    12 |    59 |     1 ||    82
       Demon blade       |       |       |       |    41 |     2 ||    43
Throw: Dart              |       |       |     5 |       |       ||     5
Invok: Berserk           |       |       |       |    10 |       ||    10
       Brothers in Arms  |       |       |       |     5 |       ||     5
Evoke: Wand              |     1 |       |       |       |       ||     1
       Condenser vane    |       |     1 |     5 |     3 |       ||     9
  Use: Potion            |       |     1 |       |     3 |     1 ||     5
       Scroll            |       |       |       |    11 |       ||    11
 Stab: Confused          |       |       |     1 |       |       ||     1
Armor: Scale mail        |     2 |     6 |    71 |    69 |     1 ||   149
Dodge: Dodged            |     9 |     5 |    61 |    86 |     3 ||   164
Block: Kite shield       |     2 |     4 |    62 |   140 |     7 ||   215
       Rpst.: Long sword |     2 |     3 |     9 |    12 |       ||    26
       Demon blade       |       |       |       |     4 |     1 ||     5

Table legend: (Time is in decaauts)
 A = Elapsed time spent in this place.
 B = Non-inter-level travel time spent in this place.
 C = Inter-level travel time spent in this place.
 D = Time resting spent in this place.
 E = Time spent auto-exploring this place.
 F = Levels seen in this place.
 G = Mean time per level.
                   A        B        C        D        E       F      G
               +--------+--------+--------+--------+--------+-----+--------+
         Total |   3772 |   3772 |      0 |   1996 |      0 |   1 | 3772.0 |
       Dungeon |   3772 |   3772 |      0 |   1996 |      0 |   1 | 3772.0 |
               +--------+--------+--------+--------+--------+-----+--------+

Top non-repeatable levels by time:
       D: 3772 daAuts
